 Dungeon Crawl Stone Soup version 0.29.1-12-g30fa7ad0bf (webtiles) character file.

Game seed: 17249385409102556333

50 raph the Caller (level 3, -10/19 HPs)
             Began as a Tengu Summoner on Jan 13, 2023.
             Killed by divine providence
             ... invoked by an orc priest
              (12 damage)
             ... on level 2 of the Dungeon.
             The game lasted 00:03:08 (1802 turns).

raph the Caller (Tengu Summoner)                    Turns: 1802, Time: 00:03:08

Health: -10/19     AC:  2    Str:  8    XL:     3   Next: 79%
Magic:  4/7        EV: 16    Int: 17    God:
Gold:   63         SH:  0    Dex: 14    Spells: 0/6 levels left

rFire   . . .      SeeInvis .   d - +0 mace
rCold   . . .      Faith    .   (no shield)
rNeg    . . .      Spirit   .   a - +0 robe
rPois   .          Reflect  .   (helmet restricted)
rElec   .          Harm     .   (no cloak)
rCorr   .          Rampage  .   (no gloves)
Will    .....                   (boots unavailable)
Stlth   ++........              e - amulet of magic regeneration
HPRegen 0.06/turn               g - +4 ring of evasion
MPRegen 0.50/turn               (no ring)

@: no status effects
A: beak, talons 3
a: no special abilities


You were on level 2 of the Dungeon.
You visited 1 branch of the dungeon, and saw 2 of its levels.

You collected 63 gold pieces.

Inventory:

Hand Weapons
 d - a +0 mace (weapon)
Armour
 a - a +0 robe (worn)
Jewellery
 e - an amulet of magic regeneration (around neck)
 g - a +4 ring of evasion (left hand)
Scrolls
 f - a scroll of identify {unknown}
 h - a scroll of teleportation {unknown}
 i - a scroll of butterflies {unknown}
Potions
 b - a potion of magic
 c - a potion of curing {unknown}


   Skills:
 - Level 2.1 Dodging
 - Level 2.0 Stealth
 + Level 2.2 Spellcasting
 + Level 6.3 Summonings


You couldn't memorise any spells.
You knew the following spells:

 Your Spells              Type           Power      Damage    Failure   Level
a - Summon Small Mammal   Summ           92%        N/A       1%          1
b - Call Imp              Summ           23%        N/A       2%          2
c - Call Canine Familiar  Summ           23%        N/A       4%          3

Your spell library contained the following spells:

 Spells                   Type           Power      Damage    Failure   Level
 Summon Guardian Golem    Hex/Summ       12%        N/A       16%         3
 Ensorcelled Hibernation  Hex/Ice        2%         N/A       28%         2
 Summon Lightning Spire   Summ/Air       12%        N/A       45%         4
 Spider Form              Tmut/Pois      1%         N/A       50%         3
 Anguish                  Hex/Necr       0%         N/A       88%         4


Dungeon Overview and Level Annotations

Branches:
Dungeon (2/15)

Altars:


Innate Abilities, Weirdness & Mutations

You have a beak for a mouth.
You have claws for feet.


Message History

The orc closely misses your bat.
Your white imp gestures at the orc.
The puff of frost hits the orc!
The orc dies!
Casting: Summon Small Mammal (safe; 1% risk of failure)
Confirm with . or Enter, or press ? or * to list all spells.
Your bat hits the orc.
The orc priest mumbles some strange prayers to Beogh against you.
Pain shoots through your body!
Your hound misses the quokka. The quokka barely misses you.
Your white imp gestures at the quokka.
The puff of frost hits the quokka!
The quokka dies!
The orc attacks as you move away! The orc hits you but does no damage.
Your bat hits the orc. The orc misses you. The orc misses your bat.
The rat misses your hound.
Your quokka bites the rat.
Your hound bites the orc but does no damage.
Your bat hits the orc.
Your hound closely misses the orc.
The orc closely misses your hound.
The orc hits your bat with a +0 morningstar!
Your bat dies!
Your bat's corpse disappears in a puff of smoke!
The rat bites your hound.
Your quokka bites the rat.
The rat dies!
Your hound misses the orc.
The orc priest calls down the wrath of Beogh upon you.
Beogh smites you!
Ouch! That really hurt!
* * * LOW HITPOINT WARNING * * *
Your hound bites the orc but does no damage.
Your white imp hits the orc priest.
Your white imp freezes the orc priest.
The orc hits your white imp with a +0 dagger.
Your hound bites the orc.
Your white imp misses the orc priest.
Your quokka bites the orc.
The orc hits your white imp with a +0 dagger.
The orc priest barely misses your hound.
The orc priest calls down the wrath of Beogh upon you.
Beogh smites you!
Ouch! That really hurt!
You die...

...........#....
........†.......
......or........
~...~.oh.†......
.....o5.........
.#########.o......##
............o.....#
......(.####......#
.........###@####.#
#+#..........####.#
....####....#......
... #.#........ ...
#.#.#......
...#+####.#.#....#+
#..........#......
#..........#......
.................


You could see 2 orc priests, 3 orcs, a friendly hound (summoned), a friendly
white imp (summoned) and a friendly quokka (summoned).

Vanquished Creatures
  A ball python (D:1)
  A bat (D:1)
  An endoplasm (D:2)
  A goblin (D:1)
  A frilled lizard (D:1)
  A rat (D:1)
6 creatures vanquished.

Vanquished Creatures (collateral kills)
  An orc (D:2)
  3 bats (D:1)
  4 endoplasms
  A giant cockroach (D:2)
  A goblin (D:1)
  14 jackals
  2 quokkas (D:2)
  6 ball pythons
  A rat (D:2)
33 creatures vanquished.

Grand Total: 39 creatures vanquished

Notes
Turn   | Place    | Note
-------+----------+-------------------------------------------
     0 | D:1      | raph the Tengu Summoner began the quest for the Orb.
     0 | D:1      | Reached XP level 1. HP: 10/10 MP: 4/4
    67 | D:1      | Reached skill level 5 in Summonings
   371 | D:1      | Reached XP level 2. HP: 10/15 MP: 3/6
   557 | D:1      | Learned a level 2 spell: Call Imp
  1107 | D:1      | Reached XP level 3. HP: 19/19 MP: 7/7
  1239 | D:1      | Reached skill level 6 in Summonings
  1244 | D:1      | Learned a level 3 spell: Call Canine Familiar
  1526 | D:1      | Found a faded altar of an unknown god.
  1802 | D:2      | Killed from afar by an orc priest

Illustrated notes

Levels and vault maps discovered:
D:1:      saegor_arrival_simple_a, layout_basic, ebering_ecumenical_altar_rust,
          chequers_serial_rivers_room_b
D:2:      cheibrodos_pilgrimage, layout_basic, grunt_ministairs_1

Skill      XL: |  1  2  3 |
---------------+----------+-----
Summonings     | 5 6 |  6.3
Dodging        | |  2.1
Stealth        | |  2.0
Spellcasting   | |  2.2

Action                   || total
-------------------------++-------
Melee: Mace              ||    15
       Kick              ||     6
       Unarmed           ||     1
       Peck              ||     1
 Cast: Summon Small Mamm ||    36
       Call Imp          ||    11
       Call Canine Famil ||     5
 Stab: Sleeping          ||     2
Armor: Robe              ||     9
Dodge: Dodged            ||    30
